 Dungeon Crawl Stone Soup version 0.29.1-2-gbd0b4ee654 (webtiles) character file.

Game seed: 3487557005620315031

22870 dohliylev the Brawler (level 12, -21/115 HPs)
             Began as a Troll Berserker on Nov 5, 2022.
             Was an Elder of Trog.
             Demolished by an orc warlord
             ... wielding a +3 great mace of protection
              (28 damage)
             ... on level 2 of the Orcish Mines.
             The game lasted 00:38:14 (11041 turns).

dohliylev the Brawler (Troll Berserker)            Turns: 11041, Time: 00:38:14

Health: -21/115    AC:  6    Str: 32    XL:     12   Next: 66%
Magic:  11/11      EV: 16    Int:  3    God:    Trog [****..]
Gold:   1266       SH:  7    Dex: 15    Spells: 11/11 levels left

rFire   . . .      SeeInvis +     - Unarmed
rCold   . . .      Faith    .   J - +0 kite shield {reflect}
rNeg    . . .      Spirit   .   d - +0 troll leather armour
rPois   .          Reflect  +   (helmet restricted)
rElec   +          Harm     .   k - scarf {shadows}
rCorr   +          Rampage  .   (gloves unavailable)
Will    ++...                   (boots unavailable)
Stlth   ++........              s - amulet "Retuo" {rElec Regen+ rCorr Slay+2 SInv}
HPRegen 3.69/turn               B - +4 ring of evasion
MPRegen 0.12/turn               y - +6 ring of dexterity

@: strong-willed, on berserk cooldown, regenerating, slowed, very slow
A: large, unfitting armour, claws 3, regeneration 1, shaggy fur 1, tough skin 1
a: Renounce Religion, Berserk, Trog's Hand, Brothers in Arms


You were on level 2 of the Orcish Mines.
You worshipped Trog.
Trog was greatly pleased with you.
You visited 3 branches of the dungeon, and saw 14 of its levels.
You also visited: Sewer.

You collected 1266 gold pieces.

Inventory:

Missiles
 l - 12 large rocks (quivered)
Armour
 d - a +0 troll leather armour (worn)
 k - a scarf of shadows (worn)
 D - +0 steam dragon scales
 I - +0 acid dragon scales
 J - a +0 kite shield of reflection (worn)
Jewellery
 a - a ring of flight
 o - a ring of resist corrosion
 s - the amulet "Retuo" (around neck) {rElec Regen+ rCorr Slay+2 SInv}
   (You found it on level 3 of the Dungeon)

   [amulet of regeneration]

   Slay:      It affects your accuracy & damage with ranged weapons and melee
   (+2).
   rElec:     It insulates you from electricity.
   SInv:      It lets you see invisible.
   Regen:     It increases your rate of health regeneration.
   rCorr:     It protects you from acid and corrosion.
 u - a ring of protection from fire
 y - a +6 ring of dexterity (right claw)
 B - a +4 ring of evasion (left claw)
Wands
 c - a wand of flame (7)
 j - a wand of roots (14)
 w - a wand of paralysis (8)
Scrolls
 b - a scroll of enchant weapon
 f - a scroll of poison
 i - a scroll of enchant armour {unknown}
 m - 3 scrolls of magic mapping {unknown}
 r - 5 scrolls of teleportation {unknown}
 v - 8 scrolls of identify
 E - a scroll of torment {unknown}
Potions
 e - 8 potions of curing {unknown}
 g - 10 potions of flight
 h - 8 potions of heal wounds {unknown}
 n - 2 potions of invisibility {unknown}
 p - 2 potions of attraction {unknown}
 q - 2 potions of might
 t - 2 potions of cancellation {unknown}
 x - 5 potions of magic {unknown}
 z - 3 potions of brilliance {unknown}
 A - a potion of lignification {unknown}
 C - a potion of berserk rage {unknown}
 F - a potion of ambrosia {unknown}
 G - a potion of resistance {unknown}
Miscellaneous
 H - a phial of floods


   Skills:
 + Level 6.4 Fighting
 + Level 2.6 Armour
 + Level 9.1 Dodging
 - Level 2.8 Stealth
 + Level 1.1 Shields
 + Level 16.4 Unarmed Combat


You had 11 spell levels left.
You didn't know any spells.
Your spell library was empty.

Dungeon Overview and Level Annotations

Branches:
Dungeon (11/15)            Temple (1/1) D:4            Lair (0/5) D:11
    Orc (2/2) D:10            Elf (0/3) Orc:2         Sewer (visited)

Altars:
Ashenzari
Cheibriados
Dithmenos
Elyvilon
Fedhas
Gozag
Hepliaklqana
Kikubaaqudgha
Makhleb
Nemelex Xobeh
Okawaru
Qazlal
Ru
Sif Muna
Trog
Uskayaw
Vehumet
Wu Jian
Xom
Yredelemnul
Zin
The Shining One

Shops:
D:6 :   Orc:2 (?=


Innate Abilities, Weirdness & Mutations

You are too large for most types of armour.
You have claws for hands.
Your natural rate of healing is unusually fast.
You are covered in fur. (AC +1)
You have tough skin. (AC +1)


Message History

You hear a shout!
Your black bear bites the orc warrior but does no damage.
Your black bear claws the orc warrior.
Your black bear claws the orc warrior but does no damage.
Your black bear bites the orc warrior.
Your black bear claws the orc warrior but does no damage.
Your black bear claws the orc warrior.
The orc warrior hits your black bear with a +0 glaive!!
The orc wizard hits your black bear with a +0 dagger.
The orc warrior hits your black bear with a +0 flail!!
Your black bear dies!
Your black bear's corpse disappears in a puff of smoke!
The orc warrior shouts!
The orc warlord attacks as you move away!
The orc warlord hits you with a +3 great mace of protection!!
You block the orc warrior's attack.
The orc warlord attacks as you move away!
The orc warlord hits you but does no damage.
The warg attacks as you move away! The warg bites you but does no damage.
Your skin stops crawling.
You feel less strong-willed.
The orc warrior unwields a +0 flail.
The orc warrior wields a +0 arbalest.
The orc warrior shoots a bolt.
The bolt hits you! The warg bites you!
* * * LOW HITPOINT WARNING * * *
You hear a shout!
The orc warlord attacks as you move away!
The orc warlord barely misses you.
The orc wizard casts a spell.
The orc wizard flickers and vanishes for a moment.
You block the orc warrior's attack.
You're still recovering from your berserk rage.
Okay, then.
Unknown command.
Your skin crawls.
You feel strong-willed. You block the orc warrior's attack.
The orc warlord completely misses you.
You closely miss the orc warlord.
The orc warrior hits you from afar with a +0 glaive!!!
* * * LOW HITPOINT WARNING * * *
The orc warlord hits you with a +3 great mace of protection!!
You die...

#. ####.........
# #..........
##..o.....#
######...oo.....
.............#.#
#######.ooo..# #
### ##..oo##
##.###....o##
#...#.∩...#@##
##...........#
##)))..#.....###
#..)).#....8...##
##.#.#..........#
##...#..8.∩.8.##
###
##.###...<####
##.## #..####..8#
##...#
###....#....##
##...##


You could see an orc warlord, 3 orc warriors, an orc priest (strong), 2 orc
wizards and 2 orcs.

Vanquished Creatures
  Donald (Orc:2)
  Josephine (D:10)
  A boulder beetle (D:11)
  A two-headed ogre (D:11)
  A centaur warrior (D:11)
  An orc high priest (Orc:2)
  The ghost of dunno567 the Skirmisher, a novice KoHu of Gozag (D:8)
  An orc knight (Orc:1)
  An ugly thing (D:11)
  2 cyclopes (D:11)
  A gargoyle (D:8)
  An unseen horror (D:10)
  A yaktaur (D:11)
  3 kobold demonologists (D:11)
  A komodo dragon (D:5)
  2 hornets
  5 trolls
  A slime creature (D:10)
  2 shadows
  A vampire (D:9)
  5 wraiths (D:10)
  2 wyverns
  21 yaks
  2 steam dragons (D:7)
  A warg (Orc:1)
  A water moccasin (D:5)
  3 acid dragons
  24 orc warriors
  The ghost of carontestyx the Ruffian, an amateur OgTm (D:3)
  A sky beast (D:8)
  2 ice beasts
  2 black bears
  8 ogres
  10 centaurs
  2 phantoms (D:4)
  6 kobold brigands
  Blork the orc (D:6)
  A bullfrog (D:6)
  6 gnoll sergeants
  6 scorpions
  2 necrophages
  5 wights (D:9)
  A killer bee (D:5)
  6 howler monkeys
  4 hounds
  A jelly (D:6)
  2 gnoll boudas (D:5)
  10 orc priests
  Crazy Yiuf (D:6)
  Jessica (D:2)
  4 iguanas
  21 orc wizards
  16 gnolls
  17 adders
  3 river rats
  A shadow imp (D:5)
  3 white imps (D:7)
  2 ufetubi
  A worm (Sewer)
  3 dart slugs
  69 orcs
  5 endoplasms
  7 giant cockroaches
  6 hobgoblins
  7 jackals (Sewer)
  39 kobolds
  6 quokkas
  18 ball pythons
  8 bats
  8 frilled lizards
  7 goblins
  7 rats
425 creatures vanquished.

Vanquished Creatures (collateral kills)
  A hornet (D:11)
1 creature vanquished.

Vanquished Creatures (others)
  An orc (D:7)
  2 plants (D:5)
3 creatures vanquished.

Grand Total: 429 creatures vanquished

Notes
Turn   | Place    | Note
-------+----------+-------------------------------------------
     0 | D:1      | dohliylev the Troll Berserker began the quest for the Orb.
     0 | D:1      | Reached XP level 1. HP: 22/22 MP: 0/0
   147 | D:1      | Reached XP level 2. HP: 27/29 MP: 1/1
   275 | D:1      | Reached XP level 3. HP: 32/36 MP: 2/2
   874 | D:2      | Reached ** piety under Trog
   875 | D:2      | Reached skill level 4 in Unarmed Combat
   949 | D:2      | Noticed Jessica
   975 | D:2      | Killed Jessica
   976 | D:2      | Reached XP level 4. HP: 42/45 MP: 3/3
  1514 | D:3      | Reached XP level 5. HP: 13/53 MP: 4/4
  1877 | D:3      | Identified the amulet "Retuo" {rElec Regen+ rCorr Slay+2
                  | SInv}
  1971 | D:3      | Found a runed translucent door.
  1972 | D:3      | Noticed carontestyx's ghost (amateur OgTm)
  1972 | D:3      | Noticed a black bear
  2232 | D:3      | Killed a black bear
  2233 | D:3      | Reached skill level 5 in Unarmed Combat
  2233 | D:3      | Reached XP level 6. HP: 47/61 MP: 5/5
  2243 | D:3      | Killed carontestyx's ghost
  2307 | D:4      | Found a staircase to the Ecumenical Temple.
  2360 | D:4      | Reached skill level 6 in Unarmed Combat
  2379 | D:4      | Reached *** piety under Trog
  2387 | D:4      | Reached XP level 7. HP: 32/67 MP: 6/6
  2599 | D:4      | Reached skill level 7 in Unarmed Combat
  2879 | Temple   | Entered the Ecumenical Temple
  3104 | D:5      | Entered Level 5 of the Dungeon
  3129 | D:5      | Reached XP level 8. HP: 63/75 MP: 7/7
  3132 | D:5      | Found a large runed translucent door.
  3132 | D:5      | Found a large runed translucent door.
  3132 | D:5      | Noticed a komodo dragon
  3139 | D:5      | Found a large runed translucent door.
  3139 | D:5      | Found a large runed translucent door.
  3165 | D:5      | Reached skill level 8 in Unarmed Combat
  3277 | D:5      | Reached skill level 1 in Stealth
  3335 | D:5      | Found a glowing drain.
  3339 | Sewer    | Entered a sewer
  3581 | Sewer    | Reached **** piety under Trog
  3601 | Sewer    | Reached skill level 5 in Dodging
  4166 | D:5      | Reached skill level 9 in Unarmed Combat
  4206 | D:5      | Identified the +3 leather armour of Fortitude {rElec rF+
                  | Int+7 Dex-3}
  4245 | D:5      | Found a sparkling altar of Nemelex Xobeh.
  4363 | D:5      | Found a blossoming altar of Fedhas.
  4364 | D:5      | Found a basalt altar of Yredelemnul.
  4390 | D:5      | Found a radiant altar of Vehumet.
  4612 | D:5      | Reached XP level 9. HP: 70/81 MP: 8/8
  4709 | D:5      | Killed a komodo dragon
  4757 | D:6      | Reached skill level 10 in Unarmed Combat
  4830 | D:6      | Found Yfatt's Self-Improvement Boutique.
  4871 | D:6      | Noticed Blork the orc
  4884 | D:6      | Killed Blork the orc
  4975 | D:6      | Reached ***** piety under Trog
  5071 | D:6      | Found a runed translucent door.
  5072 | D:6      | Noticed Crazy Yiuf
  5076 | D:6      | Killed Crazy Yiuf
  5162 | D:6      | Found a hide-covered altar of Uskayaw.
  5540 | D:7      | Reached skill level 11 in Unarmed Combat
  5665 | D:7      | Reached XP level 10. HP: 89/94 MP: 9/9
  6213 | D:8      | Noticed a gargoyle
  6226 | D:8      | Killed a gargoyle
  6227 | D:8      | Reached skill level 5 in Fighting
  6246 | D:8      | Identified the +5 triple sword of Igourr {antimagic, rN+}
                  | (Trog gifted it to you on level 8 of the Dungeon)
  6246 | D:8      | Received a gift from Trog
  6391 | D:8      | Noticed dunno567's ghost (novice KoHu)
  6407 | D:8      | Found a runed translucent gate.
  6407 | D:8      | Found a runed translucent gate.
  6416 | D:8      | Found a runed translucent gate.
  6431 | D:8      | Reached skill level 12 in Unarmed Combat
  6780 | D:8      | Killed dunno567's ghost
  6851 | D:9      | Reached skill level 13 in Unarmed Combat
  7007 | D:9      | Noticed a boulder beetle
  7024 | D:9      | Noticed a deep elf pyromancer
  7031 | D:9      | Noticed a five-headed hydra
  7032 | D:9      | Noticed a six-headed hydra
  7032 | D:9      | Noticed a wizard
  7032 | D:9      | Noticed a tengu warrior
  7033 | D:9      | Noticed a brown ugly thing
  7046 | D:9      | Noticed a manticore
  7403 | D:9      | Reached XP level 11. HP: 104/104 MP: 10/10
  7759 | D:10     | Entered Level 10 of the Dungeon
  7769 | D:10     | Noticed Josephine
  7775 | D:10     | Killed Josephine
  7827 | D:10     | Received a gift from Trog
  7935 | D:10     | Reached skill level 14 in Unarmed Combat
  8353 | D:10     | Found a staircase to the Orcish Mines.
  9046 | D:11     | Noticed a purple ugly thing
  9052 | D:11     | Noticed a centaur warrior
  9061 | D:11     | Killed a purple ugly thing
  9073 | D:11     | Paralysed by a hornet for 3 turns
  9087 | D:11     | Paralysed by a hornet for 2 turns
  9088 | D:11     | HP: 2/105 [hornet (7)]
  9094 | D:11     | HP: 5/105 [troll (10)]
  9144 | D:11     | Noticed a two-headed ogre
  9164 | D:11     | Killed a two-headed ogre
  9165 | D:11     | Reached skill level 15 in Unarmed Combat
  9212 | D:11     | Found a staircase to the Lair.
  9283 | D:11     | Reached XP level 12. HP: 108/114 MP: 11/11
  9350 | D:11     | Noticed a boulder beetle
  9365 | D:11     | Killed a boulder beetle
  9386 | D:11     | Killed a centaur warrior
  9479 | D:11     | Received a gift from Trog
  9494 | D:11     | Identified the +7 sling of Dishonour {vorpal, rPois Will+}
  9580 | D:11     | Identified the +0 leather armour of the Cursing Gods {Dex+4
                  | SInv Stlth+}
  9844 | Orc:1    | Entered Level 1 of the Orcish Mines
  9941 | Orc:1    | Reached skill level 1 in Armour
 10056 | Orc:2    | Entered Level 2 of the Orcish Mines
 10261 | Orc:2    | Reached skill level 16 in Unarmed Combat
 10281 | Orc:2    | Found Saenaj's Magic Scroll Shoppe.
 10301 | Orc:2    | Found Tentaon's Jewellery Boutique.
 10445 | Orc:2    | Noticed Donald
 10454 | Orc:2    | Killed Donald
 10515 | Orc:2    | Found a staircase to the Elven Halls.
 10751 | Orc:2    | Found Afonei's Antique Weapon Emporium.
 10825 | Orc:2    | Noticed an orc high priest
 10837 | Orc:2    | Killed an orc high priest
 11007 | Orc:2    | Noticed an orc warlord
 11011 | Orc:2    | Reached skill level 1 in Shields
 11041 | Orc:2    | Demolished by an orc warlord

Illustrated notes

Levels and vault maps discovered:
D:1:      psy_arrival_radial02, layout_loops_ring
D:2:      layout_loops_cross, uniq_jessica
D:3:      layout_basic, ebering_ghost_inner_flame
D:4:      layout_rooms, minmay_temple_entry_sparse_star,
          minmay_fractal_squares_diagonal_5
D:5:      layout_loops_ring, mainiacjoe_overflow_cross_hatched,
          chequers_temple_overflow_statue_of_worship,
          mainiacjoe_overflow_concentric_impassable, gup_sewer_entry_spiral,
          minmay_hollow_rounded_squares
D:6:      layout_rooms, nicolae_uskayaw_dance_studio, nicolae_shop_self_help,
          uniq_blork_the_orc, uniq_crazy_yiuf_cottage
D:7:      layout_basic
D:8:      layout_cave_pools, gammafunk_ghost_split
D:9:      layout_loops_ring, minivault_12
D:10:     nicolae_BIG_FREAKIN_CUBE, layout_rooms, david_orc_4, uniq_josephine
D:11:     cheibrodos_fzero, layout_basic
Temple:   minmay_crystal_spiral_temple
Orc:1:    layout_diamond_mine, nicolae_volcano_entry_two_sided,
          nicolae_orc_tapped_out
Orc:2:    grunt_orc_community_town_hall, layout_diamond_mine,
          grunt_orc_community_big_house_2, grunt_orc_community_big_house_2,
          grunt_orc_community_house_2, grunt_orc_community_house_2,
          grunt_orc_community_house_2, grunt_orc_community_house_1,
          grunt_orc_community_house_1, grunt_orc_community_house_2,
          serial_shops, nicolae_shop_statue_plus, shop_statue, shop,
          bh_open_orc_temple, uniq_donald

Skill      XL: |  1  2  3  4  5  6  7  8  9 10 11 12 |
---------------+-------------------------------------+-----
Unarmed Combat | 4 5 6 7 9 11 13 15 16 | 16.4
Fighting       | 3 4 5 6 |  6.4
Dodging        | 3 4 5 6 7 8 9 |  9.1
Stealth        | 1 2 |  2.8
Armour         | 2 |  2.6
Shields        | 1 |  1.1

Action                   |  1- 3 |  4- 6 |  7- 9 | 10-12 || total
-------------------------+-------+-------+-------+-------++-------
Melee: Unarmed           |    74 |   105 |   284 |   516 ||   979
       Punch             |       |     3 |     8 |    40 ||    51
Invok: Berserk           |       |     1 |     4 |    12 ||    17
       Trog's Hand       |       |       |     1 |     7 ||     8
       Brothers in Arms  |       |       |       |     2 ||     2
  Use: Scroll            |       |       |     9 |     2 ||    11
 Stab: Sleeping          |     1 |     1 |     3 |       ||     5
Armor: Animal skin       |    26 |    42 |    76 |       ||   144
       Steam dragon scal |       |       |    17 |    94 ||   111
       Troll leather arm |       |       |       |    23 ||    23
Dodge: Dodged            |    30 |    58 |   205 |   425 ||   718
Block: Kite shield       |       |       |       |    34 ||    34
       Reflection        |       |       |       |     1 ||     1
